 Dungeon Crawl Stone Soup version 0.28-a0-479-g5baa6b73be (webtiles) character file.

Game seed: 4186775162479044725

574 timneilson the Covered (level 7, -6/44 HPs)
             Began as a Gargoyle Fighter on Sept 18, 2021.
             Blown up by a hobgoblin (16 damage)
             ... with a mindburst bolt
             ... on level 4 of the Dungeon.
             The game lasted 00:05:54 (3184 turns).

timneilson the Covered (Gargoyle Fighter)           Turns: 3184, Time: 00:05:54

Health: -6/44      AC: 14    Str: 22    XL:     7   Next: 34%
Magic:  7/7        EV: 10    Int:  8    God:
Gold:   952        SH:  4    Dex:  9    Spells: 6/6 levels left

rFire   . . .      SeeInvis +   a - +0 long sword (drain)
rCold   . . .      Faith    .   c - +0 buckler
rNeg    + . .      Spirit   .   k - +1 scale mail {rPois}
rPois   ∞          Reflect  .   e - +0 helmet
rElec   +          Harm     .   (no cloak)
rCorr   .          Rampage  .   (no gloves)
Will    .....                   (no boots)
Stlth   ..........              (no amulet)
HPRegen 0.14/turn               b - ring of see invisible
MPRegen 0.10/turn               (no ring)

@: brilliant
A: sickness immunity, AC +4, negative energy resistance 1, electricity
resistance, torment resistance 1, petrification resistance
a: no special abilities


You were on level 4 of the Dungeon.
You visited 1 branch of the dungeon, and saw 4 of its levels.

You collected 952 gold pieces.

Inventory:

Hand Weapons
 a - a +0 long sword of draining (weapon)
Armour
 c - a +0 buckler (worn)
 e - a +0 helmet (worn)
 k - a +1 scale mail of poison resistance (worn)
Jewellery
 b - a ring of see invisible (left hand)
Scrolls
 g - a scroll of identify
Potions
 i - a potion of heal wounds {unknown}
 j - a potion of berserk rage {unknown}


   Skills:
 + Level 4.4 Fighting
 * Level 3.9 Long Blades
 * Level 5.4 Armour
 + Level 1.8 Dodging
 * Level 5.1 Shields


You had 6 spell levels left.
You didn't know any spells.
Your spell library was empty.

Dungeon Overview and Level Annotations

Branches:
Dungeon (4/15)
 Temple: D:4-7

Altars:
Elyvilon
Hepliaklqana
Makhleb

Annotations:
D:4 3 runed translucent doors, yellowboar's ghost, amateur TeAE


Innate Abilities, Weirdness & Mutations

You are immune to sickness and miasma.
Your stone body is resilient. (AC +4)
You are immune to poison.
You resist negative energy. (rN+)
You are resistant to electric shocks. (rElec)
You are resistant to unholy torment.
You are immune to petrification.


Message History

The necrophage hits you but does no damage.
The endoplasm jiggles.
The necrophage hits you but does no damage.
You barely miss the necrophage.
The necrophage is almost destroyed.
You feel a little less mighty now. The necrophage hits you.
* * * LOW HITPOINT WARNING * * *
You hit the necrophage.
You destroy the necrophage!
Ijyb hits you but does no damage.
You feel your dexterity returning.
Your Shields skill increases to level 5!
You hit Ijyb.
Ijyb is lightly wounded.
Ijyb grins evilly.
Ijyb misses you.
You hit Ijyb. You drain Ijyb.
Ijyb is moderately wounded.
Ijyb hits you but does no damage.
You hit Ijyb. You drain Ijyb.
Ijyb is heavily wounded.
Ijyb closely misses you.
You hit Ijyb. You drain Ijyb.
Ijyb is severely wounded.
Ijyb hits you but does no damage. x2
You slash Ijyb!
You kill Ijyb!
The kobold throws a stone.
The stone hits you.
* * * LOW HITPOINT WARNING * * *
You hit the hobgoblin.
The hobgoblin is moderately wounded.
The hobgoblin hits you but does no damage.
You barely miss the hobgoblin.
The hobgoblin is moderately wounded.
You block the hobgoblin's attack.
It was a potion of brilliance.
You feel clever all of a sudden.
The hobgoblin zaps a wand.
Your mind is blasted!
You die...

#.#.##.......
######.#.##.....).
.........##..#####
.......[..#).#.#.#
..........#..#....
######.##...)+...?
#.###...+...(
#.#######..##...+ZZ..
#...@gK###..##..#ZZ..
#..###Jw###..#..#Z#.#
#. #.J.#......##### #
#.##...##.......# ..#
#...###..>...# ...
#.##..##......# #..
.B# #..........# ##


.SJ #.####......# #.. ..# #......# You could see a jelly, a dart slug, an
endoplasm, a hobgoblin and a kobold.

Vanquished Creatures
  Eustachio (D:4)
  A necrophage (D:4)
  A scorpion (D:4)
  A hound (D:4)
  Ijyb (D:4)
  Natasha (thrice) (D:1)
  Robin (D:2)
  5 adders
  A gnoll (D:1)
  3 worms
  2 dart slugs
  4 bats
  3 endoplasms
  5 giant cockroaches
  21 goblins
  8 hobgoblins
  5 kobolds
  2 quokkas
  9 ball pythons
  5 frilled lizards
  2 rats
84 creatures vanquished.

Vanquished Creatures (others)
  2 plants (D:3)
2 creatures vanquished.

Grand Total: 86 creatures vanquished

Notes
Turn   | Place    | Note
-------+----------+-------------------------------------------
     0 | D:1      | timneilson the Gargoyle Fighter began the quest for the
                  | Orb.
     0 | D:1      | Reached XP level 1. HP: 14/14 MP: 1/1
   275 | D:1      | Reached XP level 2. HP: 19/19 MP: 2/2
   613 | D:1      | Reached XP level 3. HP: 17/23 MP: 3/3
   722 | D:1      | Found a faded altar of an unknown god.
   785 | D:1      | Identified a scroll of acquirement
   785 | D:1      | Acquired 865 gold pieces
   814 | D:2      | Noticed Natasha
   818 | D:1      | Killed Natasha
   994 | D:2      | Noticed Robin
  1093 | D:1      | Reached XP level 4. HP: 25/28 MP: 4/4
  1366 | D:1      | Noticed Natasha
  1374 | D:1      | Killed Natasha
  1420 | D:1      | Noticed Natasha
  1428 | D:1      | Killed Natasha
  1500 | D:2      | Killed Robin
  1501 | D:2      | Reached skill level 1 in Dodging
  1501 | D:2      | Reached XP level 5. HP: 20/33 MP: 5/5
  2250 | D:3      | Found a white marble altar of Elyvilon.
  2446 | D:3      | Found a hazy altar of Hepliaklqana.
  2650 | D:3      | Found a burning altar of Makhleb.
  2760 | D:3      | Reached XP level 6. HP: 38/38 MP: 6/6
  3011 | D:4      | Noticed Eustachio
  3093 | D:4      | Killed Eustachio
  3094 | D:4      | Reached skill level 5 in Armour
  3116 | D:4      | Found a runed translucent gate.
  3123 | D:4      | Found a runed translucent gate.
  3123 | D:4      | Found a runed translucent gate.
  3123 | D:4      | Identified the +0 pair of gloves of the Pleiades {rC-
                  | Int+6}
  3127 | D:4      | Noticed yellowboar's ghost (amateur TeAE)
  3136 | D:4      | Noticed Ijyb
  3136 | D:4      | Noticed a necrophage
  3152 | D:4      | Identified the +8 falchion of the End of Times {venom,
                  | *Rage rF+ Will+}
  3156 | D:4      | Reached XP level 7. HP: 12/43 MP: 7/7
  3177 | D:4      | Reached skill level 5 in Shields
  3181 | D:4      | Killed Ijyb
  3184 | D:4      | Blown up by a hobgoblin

Illustrated notes

Levels and vault maps discovered:
D:1:      lightli_arrival_boilingwater, layout_loops_cross,
          ebering_ecumenical_altar_box
D:2:      layout_basic, uniq_natasha, uniq_robin
D:3:      layout_loops_cross, mainiacjoe_overflow_boulevard,
          mainiacjoe_overflow_big_doors, minmay_misc_feat_encased
D:4:      layout_basic, mainiacjoe_overflow_brackets,
          gammafunk_ghost_necromancy, nicolae_ossuary_entry_monument,
          minmay_vboxes, uniq_ijyb, uniq_pikel, uniq_eustachio

Skill      XL: |  1  2  3  4  5  6  7 |
---------------+----------------------+-----
Long Blades    | 2 3 |  3.9
Armour         | 4 5 |  5.4
Shields        | 4 5 |  5.1
Dodging        | 1 |  1.8
Fighting       | 4 |  4.4

Action                   |  1- 3 |  4- 6 |  7- 9 || total
-------------------------+-------+-------+-------++-------
Melee: Long sword        |    65 |   186 |    28 ||   279
  Use: Scroll            |     4 |     5 |       ||     9
       Potion            |       |     3 |     1 ||     4
Armor: Scale mail        |    47 |   153 |    18 ||   218
Dodge: Dodged            |    39 |   152 |     9 ||   200
Block: Buckler           |    13 |    62 |     3 ||    78

Table legend: (Time is in decaauts)
 A = Elapsed time spent in this place.
 B = Non-inter-level travel time spent in this place.
 C = Inter-level travel time spent in this place.
 D = Time resting spent in this place.
 E = Time spent auto-exploring this place.
 F = Levels seen in this place.
 G = Mean time per level.
                   A        B        C        D        E       F      G
               +--------+--------+--------+--------+--------+-----+--------+
         Total |   3271 |   3209 |     62 |    531 |   1900 |   4 |  817.8 |
       Dungeon |   3271 |   3209 |     62 |    531 |   1900 |   4 |  817.8 |
               +--------+--------+--------+--------+--------+-----+--------+

Top non-repeatable levels by time:
     D:1: 1500 daAuts
     D:3: 797 daAuts
     D:2: 756 daAuts
     D:4: 216 daAuts
